 Dungeon Crawl Stone Soup version 0.31.0-32-g396128a36d (webtiles) character file.

Game seed: 2873910843068981380

396 Cryptocurrenstein the Poker (level 6, -6/52 HPs)
             Began as a Minotaur Berserker on Apr 2, 2024.
             Was a Believer of Trog.
             Mangled by an orc warrior
             ... wielding a +0 glaive
              (15 damage)
             ... on level 5 of the Dungeon on Apr 3, 2024.
             The game lasted 00:28:56 (3104 turns).

Cryptocurrenstein the Poker (Minotaur Berserker)    Turns: 3104, Time: 00:28:57

Health: -6/52      AC: 13    Str: 21    XL:     6   Next: 52%
Magic:  5/5        EV: 14    Int:  4    God:    Trog [**....]
Gold:   155        SH:  5    Dex: 12    Spells: 5/5 levels left

rFire   + . .        n - +2 spear (venom)
rCold   . . .        (no shield)
rNeg    . . .        g - +1 chain mail
rPois   .            (helmet restricted)
rElec   .            (no cloak)
rCorr   .            (no gloves)
SInv    .            o - +2 pair of boots
Will    .....        w - amulet of reflection Stlth
                     d - +5 ring of evasion
HPRegen 0.28/turn    m - ring of protection from fire
MPRegen 0.09/turn

%: reflection
@: no status effects
A: horns 2, retaliatory headbutt
a: Renounce Religion, Berserk, Trog's Hand


You were on level 5 of the Dungeon.
You worshipped Trog.
Trog was pleased with you.
You visited 2 branches of the dungeon, and saw 6 of its levels.

You collected 155 gold pieces.

Inventory:

Hand Weapons
 a - a +0 hand axe
 c - a +1 spear of venom
 n - a +2 spear of venom (weapon)
Armour
 b - a +0 animal skin
 g - a +1 chain mail (worn)
 h - a +0 pair of boots
 o - a +2 pair of boots (worn)
Jewellery
 d - a +5 ring of evasion (left hand)
 f - a ring of fire
 m - a ring of protection from fire (right hand)
 s - a ring of positive energy
 w - an amulet of reflection (around neck)
Talismans
 t - a serpent talisman
Scrolls
 i - a scroll of noise
 q - a scroll of enchant armour
 v - a scroll of amnesia
 x - a scroll of immolation {unknown}
 y - a scroll of revelation {unknown}
Potions
 e - 5 potions of curing
 j - a potion of enlightenment {unknown}
 k - 3 potions of cancellation
 l - a potion of might {unknown}
 p - a potion of lignification {unknown}
 r - 2 potions of heal wounds {unknown}
 u - a potion of attraction {unknown}
 z - a potion of mutation {unknown}


   Skills:
 + Level 3.7 Fighting
 - Level 4.2(6.4) Axes
 + Level 7.5(8.0) Polearms
 + Level 2.6 Armour
 - Level 2.2 Dodging
 - Level 0.3 Stealth


You had 5 spell levels left.
You didn't know any spells.
Your spell library was empty.

Dungeon Overview and Level Annotations

Branches:
Dungeon (5/15)             Temple (1/1) D:5

Altars:
Ashenzari
Elyvilon
Gozag
Hepliaklqana
Makhleb
Nemelex Xobeh
Okawaru
Qazlal
Ru
Sif Muna
Trog
Uskayaw
Vehumet
Wu Jian
Xom
Yredelemnul
Zin
The Shining One

Annotations:
Temple 2 transporters


Innate Abilities, Weirdness & Mutations

You have a pair of horns on your head.
You reflexively headbutt those who attack you in melee.


Message History

You hear some strange, mumbled words.
A puff of flame appears from out of thin air!
The puff of flame misses you.
There is an open door here.
A puff of flame appears from out of thin air!
The puff of flame misses you.
A magic dart appears from out of thin air!
The magic dart hits you but does no damage.
The orc warrior hits you from afar with a +0 glaive!
The orc priest grunts noisily, as Orcs often do.
You hear some strange, mumbled words.
You are confused.
The orc warrior hits you from afar with a +0 glaive!
* * * LOW HITPOINT WARNING * * *
You feel better.
A magic dart appears from out of thin air!
The magic dart hits you. Something hits you.
The orc warrior hits you from afar with a +0 glaive!
* * * LOW HITPOINT WARNING * * *
You closely miss something. You barely miss something.
Your headbutt misses something. The orc priest closely misses you.
Something barely misses you. The orc warrior misses you.
You closely miss something. Your headbutt misses something.
The orc priest closely misses you. You furiously retaliate!
You headbutt the orc priest.
You hear some strange, mumbled words.
A magic dart appears from out of thin air!
The magic dart hits you but does no damage.
The orc warrior closely misses you.
You barely miss something. Your headbutt misses something.
You hear some strange, mumbled words.
Something tries to affect you, but you resist.
The orc priest barely misses you.
You hit the orc priest but do no damage.
The orc priest is poisoned.
You headbutt the orc priest.
The orc priest is severely wounded.
The orc warrior hits you from afar with a +0 glaive!
You die...

>.#..#####.# §....§# .#.#.#
#. .§§.§# #.#..# #.# #
###§.!# .#...# ...#
##.....## .....#
#####.######.......##
.#######.........#.........#
.................o..).%#
##.#####..#...#o{#....##
##.# #..##.##.@##..## ...#
#..##.##..###.# #..#
#..##.##..# #... #..#
#..##.##..#####.. #..#
#.............##.. ...#
#####.##.#####.##. #.##
#.##.# #.# #.##.# #.# #.....


You could see an orc warrior and an orc priest (very poisoned).

Vanquished Creatures
  Eustachio (D:4)
  A scorpion (D:4)
  An orc wizard (D:3)
  4 gnolls (D:5)
  7 adders
  A white imp (D:5)
  3 ribbon worms
  2 dart slugs
  11 orcs
  2 ball pythons
  4 endoplasms
  2 giant cockroaches (D:4)
  6 goblins
  A hobgoblin (D:3)
  2 kobolds
  6 bats
  A frilled lizard (D:1)
  7 rats
62 creatures vanquished.

Notes
Turn   | Place    | Note
-------+----------+-------------------------------------------
     0 | D:1      | Cryptocurrenstein the Minotaur Berserker began the quest
                  | for the Orb.
     0 | D:1      | Reached XP level 1. HP: 19/19 MP: 0/0
   783 | D:1      | Reached XP level 2. HP: 27/27 MP: 1/1
   822 | D:1      | Found a faded altar of an unknown god.
  1042 | D:2      | Reached skill level 1 in Polearms
  1164 | D:2      | Reached skill level 2 in Polearms
  1342 | D:2      | Reached XP level 3. HP: 27/33 MP: 2/2
  1815 | D:3      | Reached ** piety under Trog
  1817 | D:3      | Reached skill level 3 in Polearms
  1834 | D:3      | Reached XP level 4. HP: 33/40 MP: 3/3
  1995 | D:3      | Reached skill level 4 in Polearms
  2214 | D:4      | Found a sacrificial altar of Ru.
  2229 | D:4      | Noticed a scorpion
  2232 | D:4      | Killed a scorpion
  2233 | D:4      | Reached skill level 5 in Polearms
  2233 | D:4      | Reached XP level 5. HP: 43/46 MP: 4/4
  2470 | D:5      | Entered Level 5 of the Dungeon
  2470 | D:5      | Noticed a steam dragon
  2587 | D:4      | Noticed Eustachio
  2644 | D:4      | Killed Eustachio
  2645 | D:4      | Reached skill level 7 in Polearms
  2645 | D:4      | Reached XP level 6. HP: 48/52 MP: 5/5
  2815 | D:5      | Found a staircase to the Ecumenical Temple.
  2847 | Temple   | Found a transporter.
  2847 | Temple   | Found a transporter.
  2847 | Temple   | Found a transporter.
  2847 | Temple   | Found a transporter.
  2847 | Temple   | Entered the Ecumenical Temple
  3084 | D:5      | Noticed an orc warrior
  3104 | D:5      | Mangled by an orc warrior

Illustrated notes

Levels and vault maps discovered:
D:1:      minmay_arrival_doors, layout_basic, ebering_ecumenical_altar_box,
          minmay_misc_feat_x
D:2:      layout_basic, serial_rivers, chequers_serial_rivers_room_b,
          chequers_serial_rivers_room_a, chequers_serial_rivers_room_a,
          chequers_serial_rivers_micro_c, chequers_serial_rivers_small_b,
          chequers_serial_rivers_room_b, chequers_serial_rivers_micro_a
D:3:      layout_rooms, fountainhead
D:4:      layout_loops_cross, nicolae_ru_sacrificial_ziggurat, uniq_eustachio
D:5:      layout_loops_corners, nicolae_dithmenos_the_darkroom,
          lemuel_round_altar, minmay_temple_entry_grid
Temple:   hellmonk_temple_divided_pantheon

Skill      XL: |  1  2  3  4  5 |
---------------+----------------+-----
Axes           | 4 |  4.2
Polearms       | 2 3 5 7 |  7.5
Fighting       | |  3.7
Armour         | |  2.6
Dodging        | |  2.2
Stealth        | |  0.3

Action                     |  1- 3 |  4- 6 || total
---------------------------+-------+-------++-------
  Melee: Hand axe          |    12 |       ||    12
         Spear             |    61 |   107 ||   168
         Headbutt          |    15 |    23 ||    38
         Punch             |     1 |     2 ||     3
    Use: Scroll            |     5 |     2 ||     7
         Potion            |       |     1 ||     1
 Armour: Animal skin       |     7 |       ||     7
         Chain mail        |    41 |    60 ||   101
  Dodge: Dodged            |    29 |    79 ||   108
  Block: Other             |       |     4 ||     4
         Reflection        |       |     1 ||     1
